 Dungeon Crawl Stone Soup version 0.31-a0-221-gbddc013574 (webtiles) character file.

Game seed: 4343117779522466983

16 gelatine the Shooter (level 2, -1/22 HPs)
             Began as a Demonspawn Hunter on July 5, 2023.
             Killed from afar by Natasha (5 damage)
             ... with a magic dart
             ... on level 2 of the Dungeon.
             The game lasted 00:00:55 (554 turns).

gelatine the Shooter (Demonspawn Hunter)             Turns: 554, Time: 00:00:55

Health: -1/22      AC:  3    Str: 11    XL:     2   Next: 37%
Magic:  2/2        EV: 12    Int: 10    God:
Gold:   87         SH:  0    Dex: 16    Spells: 1/1 levels left

rFire   . . .        a - +0 shortbow
rCold   . . .        (shield currently unavailable)
rNeg    . . .        c - +0 leather armour
rPois   .            (no helmet)
rElec   .            (no cloak)
rCorr   .            (no gloves)
SInv    .            (no boots)
Will    .....        (no amulet)
Stlth   +            (no ring)
HPRegen 0.23/turn    (no ring)
MPRegen 0.08/turn

%: no passive effects
@: no status effects
A: powered by pain 1
a: no special abilities


You were on level 2 of the Dungeon.
You visited 1 branch of the dungeon, and saw 2 of its levels.

You collected 87 gold pieces.

Inventory:

Hand Weapons
 a - a +0 shortbow (weapon)
Armour
 c - a +0 leather armour (worn)
Scrolls
 b - a scroll of butterflies
 d - a scroll of fear {unknown}
 e - 2 scrolls of identify {unknown}
 f - a scroll of acquirement {unknown}
 g - a scroll of immolation {unknown}
 h - a scroll of teleportation {unknown}
Potions
 i - a potion of mutation {unknown}


   Skills:
 * Level 2.0 Fighting
 * Level 4.1 Ranged Weapons
 * Level 2.0 Dodging
 + Level 0.8 Stealth


You had one spell level left.
You didn't know any spells.
Your spell library was empty.

Dungeon Overview and Level Annotations

Branches:
Dungeon (2/15)

Altars:

Annotations:
D:2 Natasha


Innate Abilities, Weirdness & Mutations

You sometimes gain a little power by taking damage.


Message History

You shoot an arrow. The arrow barely misses Natasha.
Natasha mewls in sadness.
Natasha casts a spell.
You shoot an arrow.
The arrow closely misses the cerulean imp.
The cerulean imp misses you.
You shoot an arrow.
The arrow hits Natasha but does no damage.
Natasha claws you.
The cerulean imp hits you with a +1 spear.
Natasha barely misses you.
You shoot an arrow. The arrow hits Natasha.
Natasha is lightly wounded.
The cerulean imp hits you with a +1 spear.
Natasha completely misses you.
You are too injured to fight recklessly!
You shoot an arrow.
The arrow hits Natasha but does no damage.
Natasha is lightly wounded.
The cerulean imp closely misses you. Natasha claws you.
The cerulean imp misses you.
You shoot an arrow. The arrow hits Natasha.
Natasha is lightly wounded.
Natasha claws you.
The cerulean imp hits you with a +1 spear.
* * * LOW HITPOINT WARNING * * *
You shoot an arrow. The arrow completely misses Natasha.
Natasha closely misses you. The cerulean imp barely misses you.
Natasha closely misses you.
You shoot an arrow.
The arrow hits Natasha but does no damage.
Natasha is lightly wounded.
The cerulean imp hits you but does no damage.
Natasha misses you.
You shoot an arrow. The arrow completely misses Natasha.
The cerulean imp hits you with a +1 spear.
* * * LOW HITPOINT WARNING * * *
Natasha casts a spell at you. The magic dart hits you.
You die...

# #. ##.###### #
....?..# #..
...#.#
.....#>#.###.#..
......h@........
.....#5#.###.#..
#.. #.#<# #
..#.# .###.# ..
(.# ## ###


You could see Natasha and a cerulean imp (summoned).

Vanquished Creatures
  2 endoplasms (D:1)
  A goblin (D:1)
  3 hobgoblins (D:1)
  2 quokkas (D:1)
  A ball python (D:1)
  2 bats
  A kobold (D:1)
  3 rats (D:1)
15 creatures vanquished.

Notes
Turn   | Place    | Note
-------+----------+-------------------------------------------
     0 | D:1      | gelatine the Demonspawn Hunter began the quest for the Orb.
     0 | D:1      | Reached XP level 1. HP: 16/16 MP: 1/1
   225 | D:1      | Gained mutation: You sometimes gain a little power by
                  | taking damage. [demonic ancestry]
   225 | D:1      | Reached XP level 2. HP: 22/22 MP: 2/2
   255 | D:1      | Reached skill level 4 in Ranged Weapons
   545 | D:2      | Noticed Natasha
   554 | D:2      | Killed from afar by Natasha

Illustrated notes

Levels and vault maps discovered:
D:1:      mushboom_english_gardens, layout_basic
D:2:      layout_loops_corners, uniq_natasha

Skill      XL: |  1  2 |
---------------+-------+-----
Dodging        | 2 |  2.0
Ranged Weapons | 4 |  4.1
Fighting       | |  2.0
Stealth        | |  0.8

Action                     || total
---------------------------++-------
   Fire: Shortbow          ||    41
 Armour: Leather armour    ||     3
  Dodge: Dodged            ||    17

Table legend: (Time is in decaauts)
 A = Elapsed time spent in this place.
 B = Non-inter-level travel time spent in this place.
 C = Inter-level travel time spent in this place.
 D = Time resting spent in this place.
 E = Time spent auto-exploring this place.
 F = Levels seen in this place.
 G = Mean time per level.
                   A        B        C        D        E       F      G
               +--------+--------+--------+--------+--------+-----+--------+
         Total |    563 |    525 |     38 |      0 |    446 |   2 |  281.5 |
       Dungeon |    563 |    525 |     38 |      0 |    446 |   2 |  281.5 |
               +--------+--------+--------+--------+--------+-----+--------+

Top non-repeatable levels by time:
     D:1: 548 daAuts
     D:2: 14 daAuts
